 Dungeon Crawl Stone Soup version 0.31-a0-187-gba352fbbf7 (webtiles) character file.

Game seed: 8760249367138195944

93 qw the Shooter (level 4, -6/25 HPs)
             Began as a Deep Elf Hunter on June 22, 2023.
             Mangled by Edmund
             ... wielding a +1 flail of venom
              (8 damage)
             ... on level 4 of the Dungeon.
             The game lasted 00:00:35 (1743 turns).

qw the Shooter (Deep Elf Hunter)                    Turns: 1743, Time: 00:00:36

Health: -6/25      AC:  6    Str: 10    XL:     4   Next: 36%
Magic:  6/6        EV: 11    Int: 14    God:
Gold:   35         SH:  0    Dex: 18    Spells: 3/3 levels left

rFire   . . .        Y - +1 shortbow
rCold   . . .        (shield currently unavailable)
rNeg    . . .        f - +1 ring mail
rPois   .            (no helmet)
rElec   .            (no cloak)
rCorr   .            (no gloves)
SInv    .            (no boots)
Will    .....        (no amulet)
Stlth   +            (no ring)
HPRegen 0.24/turn    (no ring)
MPRegen 0.10/turn

%: no passive effects
@: lethally poisoned (-6 -> -10)
A: no striking features
a: no special abilities


You were on level 4 of the Dungeon.
You visited 1 branch of the dungeon, and saw 4 of its levels.

You collected 35 gold pieces.


   Skills:
 - Level 1.5 Fighting
 + Level 7.8 Ranged Weapons
 - Level 2.4 Dodging
 - Level 1.2 Stealth


You had 3 spell levels left.
You didn't know any spells.
Your spell library was empty.

Inventory:

Hand Weapons
 Y - a +1 shortbow (weapon)
Armour
 f - a +1 ring mail (worn)
Scrolls
 a - a scroll of identify
Potions
 b - a potion of haste {unknown}
 e - a potion of brilliance {unknown}
 i - 2 potions of curing

Dungeon Overview and Level Annotations

Branches:
Dungeon (4/15)
 Temple: D:4-7

Altars:

Shops:
D:1 [

Annotations:
D:4 Edmund


Message History

i - 2 potions of curing (gained 1)
Found a scroll of fear.
Found a stone staircase leading up.
You now have 35 gold pieces (gained 10).
There is a stone staircase leading up here.
Found a stone.
Enter note:
Enter note: A sourceless malevolence fills the Dungeon...
You fall into a shaft and drop 1 floor!
The shaft crumbles and collapses.
Found a stone staircase leading down.
Waypoint 3 assigned to D:4.
You open the door.
There is an open door here.
Found a rapier.
Edmund the Younger comes into view.
He is wielding a +1 flail of venom.
Found 8 stones.
Edmund shouts!
You hear a shout!
You shoot an arrow. The arrow barely misses Edmund.
You shoot an arrow. The arrow closely misses Edmund.
You shoot an arrow.
The arrow hits Edmund but does no damage.
You shoot an arrow. The arrow hits Edmund.
Edmund is lightly wounded.
You shoot an arrow. The arrow barely misses Edmund.
You shoot an arrow.
The arrow hits Edmund but does no damage.
Edmund is lightly wounded.
Edmund misses you.
You shoot an arrow. The arrow barely misses Edmund.
Edmund barely misses you.
Edmund hits you with a +1 flail of venom!
You are poisoned.
You shoot an arrow. The arrow barely misses Edmund.
You feel very sick.
Edmund hits you with a +1 flail of venom.
You shoot an arrow. The arrow barely misses Edmund.
You feel sick.
Edmund hits you with a +1 flail of venom!
You die...

...##..>..# . ..
#.....# ##. .
#.....# #..
#.....### ..#
#.....'.# #.#
#.....#.# #.# .
#.....#.###.# ...
#.....+.....##.....
#.....#+##.@!......
#...........@.......
#.~~.........)......
#.~~................
~..............
......!........
........##.....
....(...# #####


You could see Edmund.

Vanquished Creatures
  Jessica (D:3)
  An adder (D:2)
  6 orcs (D:3)
  8 bats
  5 endoplasms
  A giant cockroach (D:1)
  2 hobgoblins (D:1)
  3 quokkas (D:1)
  2 ball pythons (D:1)
  3 frilled lizards
  7 goblins
  6 kobolds
  3 rats
48 creatures vanquished.

Notes
Turn   | Place    | Note
-------+----------+-------------------------------------------
     0 | D:1      | qw the Deep Elf Hunter began the quest for the Orb.
     0 | D:1      | Reached XP level 1. HP: 12/12 MP: 3/3
     0 | D:1      | 0 ||| qw: Version: 0.3-a-9-g12657ce
     0 | D:1      | 0 ||| qw: Game counter: 2237
     0 | D:1      | 0 ||| qw: Always use a shield: true
     0 | D:1      | 0 ||| qw: God list: Okawaru
     0 | D:1      | 0 ||| qw: Allow faded altars: false
     0 | D:1      | 0 ||| qw: Do Orc after D:15 true
     0 | D:1      | 0 ||| qw: Do second Lair branch before Depths: true
     0 | D:1      | 0 ||| qw: Lair rune preference: random
     0 | D:1      | 0 ||| qw: Plans: Normal
     0 | D:1      | 0 ||| PLANNING D:1-11
    49 | D:1      | Found a faded altar of an unknown god.
   148 | D:1      | Reached skill level 6 in Ranged Weapons
   148 | D:1      | Reached XP level 2. HP: 16/16 MP: 4/4
   205 | D:1      | 205 ||| FLEEEEING.
   503 | D:1      | Found Toss's Armour Boutique.
   510 | D:1      | 510 ||| SHOPLISTING +0 fire dragon scales (720 gold, have
                  | 14).
   510 | D:1      | 510 ||| SHOPLISTING +0 pair of boots (54 gold, have 14).
   510 | D:1      | 510 ||| SHOPLISTING +1 helmet of see invisible (198 gold,
                  | have 14).
   510 | D:1      | 510 ||| SHOPLISTING +2 ring mail of positive energy (216
                  | gold, have 14).
   545 | D:1      | Reached XP level 3. HP: 20/20 MP: 5/5
   604 | D:1      | 604 ||| UPGRADING to +0 ring mail.
   614 | D:1      | 614 ||| DROPPING +0 leather armour.
   615 | D:1      | 615 ||| READING 2 scrolls labelled MESETA MOCOR.
   616 | D:1      | 616 ||| READING scroll of enchant armour.
   616 | D:1      | 616 ||| ENCHANTING +0 ring mail.
   617 | D:1      | 617 ||| READING scroll labelled LIOKISUDEB.
   618 | D:1      | 618 ||| READING 5 scrolls labelled QIGGIS CEFIM.
   619 | D:1      | 619 ||| READING scroll labelled RAGOERIETULE.
   620 | D:1      | 620 ||| READING scroll labelled BACUNI NORUICE.
   621 | D:1      | 621 ||| DROPPING scroll of butterflies.
   622 | D:1      | 622 ||| DROPPING 4 scrolls of vulnerability.
   717 | D:2      | Reached skill level 7 in Ranged Weapons
  1339 | D:2      | 1339 ||| READING scroll labelled LIUDUL URECRO.
  1377 | D:2      | 1377 ||| READING scroll labelled POPRUSEBERR.
  1378 | D:2      | 1378 ||| DRINKING 2 bubbling ruby potions.
  1491 | D:3      | Noticed Jessica
  1493 | D:3      | Killed Jessica
  1494 | D:3      | Reached XP level 4. HP: 25/25 MP: 6/6
  1718 | D:3      | You fall into a shaft and drop 1 floor!
  1734 | D:4      | Noticed Edmund
  1742 | D:4      | HP: 4/25 [Edmund/+1 flail of venom (6)]
  1743 | D:4      | Mangled by Edmund

Levels and vault maps discovered:
D:1:      lemuel_arrival_room, layout_loops_ring, serial_shops,
          nicolae_shop_getting_attention, basic_ecumenical_altar
D:2:      layout_basic
D:3:      layout_loops_ring, small_statue_intersection, uniq_natasha,
          uniq_jessica
D:4:      layout_basic, serial_shops, nicolae_shop_window_shopping,
          chequers_serial_rivers_micro_c, ldierk_geyser, uniq_edmund, uniq_robin

Skill      XL: |  1  2  3 |
---------------+----------+-----
Ranged Weapons | 6 7 |  7.8
Fighting       | |  1.5
Dodging        | |  2.4
Stealth        | |  1.2

Action                     |  1- 3 |  4- 6 || total
---------------------------+-------+-------++-------
   Fire: Shortbow          |    94 |    17 ||   111
    Use: Scroll            |     8 |       ||     8
         Potion            |     1 |       ||     1
 Armour: Leather armour    |     4 |       ||     4
         Ring mail         |     4 |       ||     4
  Dodge: Dodged            |    12 |     4 ||    16

Table legend:
 A = Non-vault XP
 B = Vault XP
 C = Vault XP percentage of total XP
 D = Non-vault monster count
 E = Vault monster count
 F = Vault count percentage of total count
                 A         B        C        D         E       F
            +---------+---------+-------+---------+---------+-------
      Total |      96 |      37 |  27.8 |      47 |       1 |   2.1
            +---------+---------+-------+---------+---------+-------
        D:1 |      46 |       0 |   0.0 |      28 |       0 |   0.0
        D:2 |      28 |       0 |   0.0 |      10 |       0 |   0.0
        D:3 |      22 |      37 |  62.7 |       9 |       1 |  10.0
            +---------+---------+-------+---------+---------+-------
